 Dungeon Crawl Stone Soup version 0.27.0-1-g7a08968 (webtiles) character file.

Game seed: 8633263696973452100

123 MercyWheel the Chopper (level 4, -3/39 HPs)
             Began as a Minotaur Fighter on July 31, 2021.
             Killed from afar by Sigmund (11 damage)
             ... with a puff of flame
             ... on level 3 of the Dungeon.
             The game lasted 00:04:41 (2262 turns).

MercyWheel the Chopper (Minotaur Fighter)           Turns: 2262, Time: 00:04:42

Health: -3/39      AC:  8    Str: 20    XL:     4   Next: 80%
Magic:  3/3        EV:  7    Int:  5    God:
Gold:   52         SH:  9    Dex: 11    Spells: 3/3 levels left

rFire    . . .     SeeInvis .   a - +0 war axe
rCold    . . .     Faith    .   c - +0 kite shield
rNeg     . . .     Spirit   .   b - +0 scale mail
rPois    .         Reflect  .   (helmet restricted)
rElec    .         Harm     .   m - +0 cloak
rCorr    .         Rampage  .   (no gloves)
Will     .....                  (no boots)
Stlth    ..........             (no amulet)
HPRegen  0.13/turn              (no ring)
MPRegen  0.08/turn              (no ring)

@: no status effects
A: horns 2, retaliatory headbutt
a: no special abilities


You were on level 3 of the Dungeon.
You visited 1 branch of the dungeon, and saw 3 of its levels.

You collected 52 gold pieces.

Inventory:

Hand Weapons
 a - a +0 war axe (weapon)
Missiles
 i - 13 poisoned darts (quivered)
Armour
 b - a +0 scale mail (worn)
 c - a +0 kite shield (worn)
 m - a +0 cloak (worn)
Scrolls
 g - a scroll of teleportation {unknown}
 h - 3 scrolls of identify {unknown}
 j - a scroll of vulnerability {unknown}
 k - a scroll of amnesia {unknown}
 n - a scroll of summoning {unknown}
Potions
 d - a potion of might
 e - a potion of attraction {unknown}
 f - a potion of haste {unknown}


   Skills:
 - Level 3.6 Fighting
 - Level 6.0 Axes
 + Level 3.7 Armour
 + Level 0.3 Dodging
 * Level 3.7 Shields


You had 3 spell levels left.
You didn't know any spells.
Your spell library was empty.

Dungeon Overview and Level Annotations

Branches:
Dungeon (3/15)

Altars:

Shops:
D:2 *

Annotations:
D:3 Sigmund


Innate Abilities, Weirdness & Mutations

You have a pair of horns on your head.
You reflexively headbutt those who attack you in melee.


Message History

You throw a poisoned dart.
You feel less confused.
Sigmund hits you with a +2 scythe of distortion.
Space bends around you.
You hit Sigmund. Your headbutt misses Sigmund.
Sigmund is lightly wounded.
Sigmund gestures at you while chanting. The magic dart hits you.
Sigmund gestures at you while chanting. You resist with some effort.
You closely miss Sigmund. You headbutt Sigmund.
Sigmund is lightly wounded.
Sigmund drinks a potion.
Sigmund suddenly seems more resistant.
You hit Sigmund.
Sigmund is moderately wounded.
Sigmund barely misses you. Sigmund gestures at you while chanting.
You are confused.
You bump into the rock wall.
Sigmund gestures at you while chanting. The magic dart hits you.
You bump into the rock wall.
Sigmund hits you with a +2 scythe of distortion.
Space warps horribly around you!
* * * LOW HITPOINT WARNING * * *
It was a potion of cancellation.
Your magical effects are unravelling.
You feel magically purged.
You feel less confused. Sigmund closely misses you.
You hit Sigmund. Your headbutt misses Sigmund.
Sigmund is heavily wounded.
Sigmund casts a spell at you.
You are confused.
Your magical effects are unravelling.
You feel magically purged.
You feel less confused.
Sigmund points at you and mumbles some strange words.
The puff of flame hits you!
You die...

# # #.####### #
#..r....# # #r# ##
#@# .# #@# .## #(#
.†######### #(#
#.........# #.#
#.........# #.#
##........######.#
.................#
##..##############
##.##


You could see Sigmund (resistant) and a quokka.

Vanquished Creatures
  An orc priest (D:3)
  3 adders
  2 worms
  3 dart slugs
  6 orcs (D:3)
  8 endoplasms
  3 giant cockroaches
  A goblin (D:1)
  3 hobgoblins
  4 ball pythons
  6 bats
  3 frilled lizards
  2 kobolds (D:2)
  3 rats (D:1)
48 creatures vanquished.

Notes
Turn   | Place    | Note
-------+----------+-------------------------------------------
     0 | D:1      | MercyWheel the Minotaur Fighter began the quest for the
                  | Orb.
     0 | D:1      | Reached XP level 1. HP: 19/19 MP: 0/0
   213 | D:1      | Reached skill level 3 in Axes
   358 | D:1      | Reached XP level 2. HP: 26/26 MP: 1/1
   797 | D:2      | Reached skill level 4 in Axes
  1066 | D:2      | Reached XP level 3. HP: 31/31 MP: 2/2
  1437 | D:2      | Found Odyg's Assorted Antiques.
  1495 | D:2      | Reached skill level 5 in Axes
  1929 | D:3      | Reached XP level 4. HP: 33/39 MP: 3/3
  2093 | D:3      | Reached skill level 6 in Axes
  2247 | D:3      | Noticed Sigmund
  2262 | D:3      | Killed from afar by Sigmund

Illustrated notes

Levels and vault maps discovered:
D:1:      mainiacjoe_arrival_reflecting_pool, layout_basic
D:2:      layout_basic, serial_shops, shop,
          wander_ebering_terrifying_dragon_lair
D:3:      layout_basic, mainiacjoe_overflow_alcove_2, uniq_sigmund

Skill      XL: |  1  2  3  4 |
---------------+-------------+-----
Axes           | 3 4 5 6 |  6.0
Fighting       | |  3.6
Armour         | |  3.7
Dodging        | |  0.3
Shields        | |  3.7

Action                   |  1- 3 |  4- 6 || total
-------------------------+-------+-------++-------
Melee: War axe           |    62 |    28 ||    90
       Headbutt          |     4 |     6 ||    10
Throw: Dart              |       |     2 ||     2
  Use: Potion            |       |     2 ||     2
Armor: Scale mail        |    22 |     7 ||    29
Dodge: Dodged            |    16 |     6 ||    22
Block: Kite shield       |    19 |    11 ||    30
